 Dungeon Crawl Stone Soup version 0.31-a0-1002-g8e65716e6e (webtiles) character file.

Game seed: 5019880094190218226

111 Malachi the Ruffian (level 4, -1/20 HPs)
             Began as a Vine Stalker Shapeshifter on Nov 9, 2023.
             Was a Plaything of Xom.
             Slain by a sky beast (5 damage)
             ... on level 3 of the Dungeon.
             The game lasted 00:04:09 (1831 turns).

Malachi the Ruffian (Vine Stalker Shapeshifter)     Turns: 1831, Time: 00:04:10

Health: -1/20      AC:  5    Str: 19    XL:     4   Next: 92%
Magic:  0/5        EV:  5    Int: 10    God:    Xom [......]
Gold:   51         SH:  0    Dex: 13    Spells: 3/3 levels left

rFire   . .          .
                       - Unarmed
rCold   x . .        (no shield)
rNeg    . . .        i - +0 plate armour
rPois   .            (helmet currently unavailable)
rElec   .            (cloak currently unavailable)
rCorr   .            (gloves currently unavailable)
SInv    .            (boots currently unavailable)
Will    .....        (no amulet) Stlth
                     (no ring)
HPRegen 1.03/turn    (no ring)
MPRegen 0.09/turn

%: guardian spirit
@: beast-form
A: beast (slay +2), fangs 2, regeneration 1, magic shield, antimagic bite, no
potion heal 2, deformed body, frail 1, mutation resistance 1, cold vulnerability
1
a: Begin Untransformation, Renounce Religion


You were on level 3 of the Dungeon.
You worshipped Xom.
You were a very special plaything of Xom.
You were a hulking beast.
You visited 1 branch of the dungeon, and saw 3 of its levels.

You collected 51 gold pieces.

Inventory:

Armour
 a - a +1 ring mail of fire resistance
 e - a +0 pair of gloves
 i - a +0 plate armour (worn)
 j - a +0 pair of boots
Talismans
 c - a beast talisman
 d - a flux talisman
Scrolls
 f - a scroll of fog
 g - 3 scrolls of blinking
Potions
 b - a potion of lignification
 h - 2 potions of ambrosia
 l - a potion of heal wounds
 m - a potion of invisibility {unknown}


   Skills:
 + Level 2.4 Fighting
 - Level 1.5 Dodging
 + Level 3.9 Unarmed Combat
 + Level 3.8 Shapeshifting


You had 3 spell levels left.
You didn't know any spells.
Your spell library contained the following spells:

 Spells                   Type           Power      Damage    Failure   Level
 Blink                    Tloc           0%         N/A       100%        2
 Lesser Beckoning         Tloc           0%         N/A       100%        2
 Momentum Strike          Conj/Tloc      0%         3d8       100%        2
 Scorch                   Fire           0%         2d5       100%        2
 Flame Wave               Conj/Fire      0%         2d4       100%        4
 Summon Cactus Giant      Summ           0%         N/A       100%        6


Dungeon Overview and Level Annotations

Branches:
Dungeon (3/15)

Altars:
Xom


Innate Abilities, Weirdness & Mutations

You are a hulking beast.
Your limbs bulge with bestial killing power. (Slay +2)
You have extremely sharp teeth.
Your natural rate of healing is unusually fast.
When hurt, damage is shared between your health and your magic reserves.
Your bite disrupts and absorbs the magic of your enemies.
Potions cannot restore your health.
Armour fits poorly on your strangely shaped body.
You are frail. (-10% HP)
You are somewhat resistant to further mutation.
You are vulnerable to cold. (rC-)


Message History

An orc is nearby!
An orc is nearby!
Found 11 gold pieces.
The orc barely misses you.
You barely miss the orc. "You need some minor improvements, mortal!"
Your body is suffused with distortional energy.
Your body twists and deforms.
You feel vulnerable to cold.
You feel frail.
You feel genetically stable. The orc hits you but does no damage.
You hit the orc. Your bite misses the orc.
The orc is severely wounded.
The orc completely misses you.
You punch the orc!
You kill the orc!
You hit the sky beast.
The sky beast is lightly wounded.
The sky beast hits you. The sky beast shocks you.
You closely miss the sky beast. You bite the sky beast. You drain its power.
You feel invigorated.
The sky beast is moderately wounded.
The sky beast hits you but does no damage.
You hit the sky beast.
You bite the sky beast, but do no damage.
The sky beast is heavily wounded.
The sky beast hits you. The sky beast shocks you.
You hit the sky beast but do no damage.
The sky beast is heavily wounded.
The sky beast hits you. The sky beast shocks you.
* * * LOW HITPOINT WARNING * * *
You are too injured to fight recklessly!
You are too injured to fight recklessly!
You are too injured to fight recklessly!
You hit the sky beast.
The sky beast is heavily wounded.
The sky beast hits you.
* * * LOW HITPOINT WARNING * * *
The sky beast shocks you.
You die...
Xom thinks this is hilarious!

.......................
........................
........................
.$...................)..
........................
........................
........................
........................
......Yh..........).....
......).................
.................[......
........................
........................
........................
##.#############.####.>#
. #. #.# ##.# . #.# #.#


You could see a sky beast.

Vanquished Creatures
  An orc priest (D:3)
  3 adders (D:3)
  A dart slug (D:1)
  4 orcs (D:3)
  A ball python (D:2)
  4 endoplasms
  A giant cockroach (D:2)
  5 goblins
  5 hobgoblins
  3 jackals
  5 kobolds
  3 quokkas (D:2)
  4 bats
  4 frilled lizards
  A rat (D:3)
45 creatures vanquished.

Notes
Turn   | Place    | Note
-------+----------+-------------------------------------------
     0 | D:1      | Malachi the Vine Stalker Shapeshifter began the quest for
                  | the Orb.
     0 | D:1      | Reached XP level 1. HP: 9/9 MP: 2/2
    81 | D:1      | Found a faded altar of an unknown god.
   129 | D:1      | Prayed at the altar of an unknown god.
   129 | D:1      | Became a worshipper of Xom of Chaos
   214 | D:1      | Reached skill level 1 in Fighting
   412 | D:1      | XOM: divination: magic mapping
   479 | D:1      | Reached XP level 2. HP: 14/14 MP: 3/3
  1158 | D:2      | Reached XP level 3. HP: 18/18 MP: 4/4
  1487 | D:2      | XOM: 9-stop teleportation journey
  1574 | D:3      | Noticed a sky beast
  1574 | D:3      | XOM: potion effect (invisibility)
  1584 | D:3      | XOM: blink monster(s)
  1587 | D:3      | XOM: smoke on damage
  1663 | D:2      | XOM: draining
  1713 | D:3      | Reached XP level 4. HP: 20/23 MP: 5/5
  1824 | D:3      | XOM: give mutations
  1824 | D:3      | Gained mutation: Armour fits poorly on your strangely
                  | shaped body. [Xom's mischief]
  1824 | D:3      | Gained mutation: You are vulnerable to cold. (rC-) [Xom's
                  | mischief]
  1824 | D:3      | Gained mutation: You are frail. (-10% HP) [Xom's mischief]
  1824 | D:3      | Gained mutation: You are somewhat resistant to further
                  | mutation. [Xom's mischief]
  1831 | D:3      | Slain by a sky beast

Illustrated notes

Levels and vault maps discovered:
D:1:      dpeg_arrival_another_circle, layout_loops_corners,
          dreamdust_ecumenical_altar_hidden_monk_grotto
D:2:      layout_rooms
D:3:      layout_basic, minmay_divided_ellipse

Skill      XL: |  1  2  3 |
---------------+----------+-----
Fighting       | 1 2 |  2.4
Dodging        | |  1.5
Unarmed Combat | |  3.9
Shapeshifting  | |  3.8

Action                     |  1- 3 |  4- 6 || total
---------------------------+-------+-------++-------
  Melee: Unarmed           |    80 |    39 ||   119
         Bite              |    19 |     7 ||    26
         Punch             |     2 |       ||     2
    Use: Scroll            |     4 |     1 ||     5
   Stab: Sleeping          |     1 |       ||     1
         Invisible         |     2 |       ||     2
 Armour: Animal skin       |     9 |       ||     9
         Plate armour      |    35 |    25 ||    60
  Dodge: Dodged            |    34 |     8 ||    42

Table legend: (Time is in decaauts)
 A = Elapsed time spent in this place.
 B = Non-inter-level travel time spent in this place.
 C = Inter-level travel time spent in this place.
 D = Time resting spent in this place.
 E = Time spent auto-exploring this place.
 F = Levels seen in this place.
 G = Mean time per level.
                   A        B        C        D        E       F      G
               +--------+--------+--------+--------+--------+-----+--------+
         Total |   1823 |   1699 |    124 |      0 |   1358 |   3 |  607.7 |
       Dungeon |   1823 |   1699 |    124 |      0 |   1358 |   3 |  607.7 |
               +--------+--------+--------+--------+--------+-----+--------+

Top non-repeatable levels by time:
     D:1: 1002 daAuts
     D:2: 607 daAuts
     D:3: 214 daAuts
